Map: King Sejong Station LE

Players

Wardi

  • Race: Terran Terran

A.I. 2 (Very Easy) - Winner!

  • Race: Terran Terran

VOD

Have the link to the VOD?

Description

Time

  • Played on: May 31, 2016, 10:24 a.m.
  • Length: 4:51
Show
View Real Time Build Order
Export as new Build Order

Wardi Terran 

Build Orders:  

Get SALT Encoding   

  12  0:01  SCV  
  13  0:13  SCV  
  14  0:17  Supply Depot  
  14  0:25  SCV  
  15  0:39  SCV  
  15  0:40  Barracks  
  16  0:44  Refinery  
  16  0:51  SCV  
  17  1:03  SCV  
  18  1:15  SCV  
  19  1:28  Orbital Command  
  19  1:29  Barracks Reactor  
  19  1:42  Command Center  
  19  1:51  Supply Depot  
  19  1:54  SCV  
  20  2:04  Factory  
  20  2:07  SCV  
  21  2:10  Marine x2  
  23  2:21  Refinery, SCV  
  24  2:28  Marine x2  
  26  2:36  SCV  
  27  2:46  Marine x2  
  27  2:47  Factory Tech Lab  
  27  2:48  Starport  
  27  2:50  SCV  
  30  2:56  Orbital Command  
  30  3:03  SCV  
  30  3:05  Widow Mine  
  31  3:07  Marine  
  31  3:09  Marine  
  35  3:19  SCV  
  36  3:22  SCV  
  36  3:25  Medivac  
  39  3:31  SCV  
  39  3:32  Marine x2  
  39  3:34  SCV  
  43  3:36  Siege Tank  
  46  3:44  Bunker  
  46  3:57  Supply Depot  
  46  4:12  Command Center  
  46  4:18  Marine x2, SCV x2  
  53  4:30  SCV  
  54  4:49  Engineering Bay  
  54  4:50  Barracks  
Show
View Real Time Build Order
Export as new Build Order

A.I. 2 (Very Easy) Terran - Winner!

Build Orders:  

Get SALT Encoding   

  12  0:00  SCV  
  13  0:13  SCV  
  14  0:18  Supply Depot  
  14  0:37  Refinery  
  14  0:41  Barracks  
  14  1:05  Supply Depot  
  14  1:11  Refinery  
  14  1:30  Orbital Command, Marine  
  15  1:55  SCV  
  16  2:03  Marine  
  16  2:07  SCV  
  18  2:19  SCV  
  19  2:31  SCV  
  19  2:36  Marine  
  21  2:43  SCV  
  22  2:55  SCV  
  23  4:32  Marine  
Tags
 
Add a new tag
Caveats
  • Supply blocks, unpowered buildings, or Contaminate may cause inaccurate times.
  • Supply counts are checked every 10 seconds.